[Event "Live Chess"] [Site "Chess.com"] [Date "2022.02.05"] [Round "?"] [White
"atbeaty"] [Black "1Elliot"] [Result "0-1"] [ECO "C77"] [WhiteElo "1459"]
[BlackElo "1747"] [TimeControl "2700+30"] [EndTime "11:31:34 PST"] [Termination
"1Elliot won by resignation"]  1. e4 e5 2. Nf3 Nc6 3. Bb5 a6 4. Ba4 Nf6 5. d3 b5
6. Bb3 Bc5 7. O-O O-O 8. a4 Rb8 9. axb5 axb5 10. Bg5 h6 11. Bxf6 Qxf6 12. Nc3 d6
13. Nd5 Qd8 14. h3 Be6 15. c3 Ne7 16. Nxe7+ Qxe7 17. d4 Bb6 18. Bxe6 Qxe6 19. d5
Qd7 20. Qd2 f5 21. Rfe1 fxe4 22. Rxe4 Rxf3 23. gxf3 Qxh3 24. Rg4 Rf8 25. Rg3
Qxg3+ 26. Kf1 Qxf3 27. c4 Qh1+ 0-1 
0-1

[Event "Live Chess"] [Site "Chess.com"] [Date "2022.02.06"] [Round "?"] [White
"douglassu2"] [Black "yaR_33"] [Result "1-0"] [ECO "A48"] [WhiteElo "2105"]
[BlackElo "1683"] [TimeControl "2700+30"] [EndTime "8:26:47 PST"] [Termination
"douglassu2 won by resignation"]  1. d4 Nf6 2. Nf3 g6 3. Nbd2 Bg7 4. e4 O-O 5.
e5 Nh5 6. Nc4 d6 7. Be3 Be6 8. Be2 c5 9. dxc5 dxc5 10. h3 f5 11. O-O h6 12. Nh4
Bxc4 13. Bxc4+ Kh7 14. Qxd8 Rxd8 15. g4 f4 16. Bc1 Bxe5 17. gxh5 gxh5 18. Bd3+
Kg7 19. Ng6 Nc6 20. Nxf4 Nd4 21. Be3 Rg8 22. Bc4 e6 23. Bxd4 Kf6+ 24. Kh1 cxd4
25. Nxh5+ Ke7 26. Rae1 Rg5 27. f4 Rxh5 28. Rxe5 Rxh3+ 29. Kg2 Re3 30. Rxe3 dxe3
31. Rh1 Rg8+ 32. Kf3 e2 33. Bxe2 Rg6 34. Bd3 Rf6 35. Ke4 Kd6 36. Rg1 h5 37. Rg7
Rh6 38. Bf1 Kc6 39. Bh3 a6 40. Ke5 h4 41. Re7 Rh5+ 42. Kxe6 b5 43. f5 Rh6+ 44.
f6 a5 45. Kf7 Kd6 46. Re3 Rh7+ 47. Kg6 Rc7 48. c3 b4 49. f7 bxc3 50. bxc3 1-0 
1-0

[Event "Live Chess"] [Site "Chess.com"] [Date "2022.02.01"] [Round "?"] [White
"esrosenberg"] [Black "MFabian55"] [Result "1-0"] [ECO "A30"] [WhiteElo "2354"]
[BlackElo "2086"] [TimeControl "2700+30"] [EndTime "12:32:28 PST"] [Termination
"esrosenberg won by resignation"]  1. Nf3 c5 2. c4 g6 3. Nc3 Bg7 4. d4 cxd4 5.
Nxd4 Nc6 6. e3 Nf6 7. Be2 O-O 8. Nc2 Qa5 9. O-O d6 10. Bd2 Qb6 11. e4 Bd7 12.
Kh1 Rac8 13. f4 e6 14. b3 Rfd8 15. Bf3 a6 16. Be3 Qa5 17. Na4 Qc7 18. Rc1 Qb8
19. Nb6 Rc7 20. Qxd6 Be8 21. Qa3 Nd7 22. f5 exf5 23. exf5 Nde5 24. Bd5 Nd3 25.
fxg6 hxg6 26. Rb1 Nce5 27. b4 Bc6 28. Rbd1 Bxd5 29. Nxd5 Rxc4 30. Rxd3 Rxc2 31.
Ba7 Qd6 32. Bc5 Qb8 33. Ne7+ Kh7 34. Rh3+ Bh6 35. Qe3 1-0 
1-0

[Event "Live Chess"] [Site "Chess.com"] [Date "2022.02.06"] [Round "-"] [White
"HLuebb"] [Black "PermaChecked"] [Result "1-0"] [CurrentPosition
"Q7/6pk/4p2p/P4p2/8/1q4P1/5P1P/5BK1 b - -"] [Timezone "UTC"] [ECO "E00"] [ECOUrl
"https://www.chess.com/openings/Queens-Gambit-Declined-Catalan-Opening"]
[UTCDate "2022.02.06"] [UTCTime "14:04:37"] [WhiteElo "1369"] [BlackElo "1149"]
[TimeControl "2700+30"] [Termination "HLuebb won by resignation"] [StartTime
"14:04:37"] [EndDate "2022.02.06"] [EndTime "15:36:56"] [Link
"https://www.chess.com/game/live/37895373205"]  1. d4 d5 2. c4 e6 3. Nf3 Nf6 4.
g3 Nbd7 5. Bg2 c6 6. O-O Be7 7. Nc3 O-O 8. Qc2 h6 9. e4 dxe4 {INACCURACY
(+0.92)} ({(-0.16) The best move was} 9... dxc4 10. a4 e5 11. h3 exd4 12. Nxd4
Re8 13. Be3 Ne5 14. a5 Nd3 15. b3 Nb4 16. Qe2 c5 17. Ndb5 cxb3 18. Rfd1) 10.
Nxe4 Nxe4 11. Qxe4 Nf6 12. Qc2 c5 13. Rd1 cxd4 14. Nxd4 Nd7 $16 {INACCURACY
(+2.20)} ({(+1.28) The best move was} 14... Qc7 15. Nb5 Qb8 16. Qe2 e5 17. Re1
Bc5 18. Be3 Bb4 19. Bd2 Bg4 20. Qe3 Bxd2 21. Qxd2 Rd8 22. Qe3 e4 23. c5 Bd7 24.
Nd6 Bc6 25. Rad1) 15. b3 Rb8 $2 {MISTAKE (+ 3.57)} ({(+1.87) The best move was}
15... a6 16. a3 Qc7 17. b4 Nf6 18. Re1 Bd7 19. c5 Rfd8 20. Bf4 Qc8 21. Rac1 Be8
22. Nf5 Bf8 23. Nd6 Bxd6 24. cxd6 Nd5 25. Bxd5 exd5 26. Re7 Qxc2 27. Rxc2) 16.
Bb2 {INACCURACY (+2.25)} ({(+3.57) The best move was} 16. Nb5 Bf6 17. Bf4 e5 18.
Be3 a6 19. Nd6 Qc7 20. Nxc8 Rfxc8 21. Qf5 Rd8 22. Be4 Nc5 23. Qh7+ Kf8 24. Bf5
Ke7 25. Rd5) 16... Bf6 17. Nb5 Bxb2 18. Qxb2 {Critical move.} 18... a6 19. Nd6
b5 $2 {MISTAKE (+4.28)} ({(+2.33) The best move was} 19... b6 20. b4 Qc7 21.
Rac1 Nf6 22. Qa3 Qe7 23. c5 bxc5 24. bxc5 Rd8 25. h3 Nd5 26. h4 Nf6 27. Qa5 Nd5
28. Rd4 Bb7 29. Nxb7 Qxb7 30. c6) 20. cxb5 axb5 21. Qd4 Qf6 $2 {MISTAKE (+4.94)}
({(+3.05) The best move was} 21... Nf6 22. Nxb5 Qa5 23. a4 Bb7 24. b4 Qa6 25.
Nc7 Qe2 26. b5 Bxg2 27. Kxg2 Rbd8 28. Qe3 Rxd1 29. Qxe2 Rxa1 30. Qc4 Rd8 31. b6
Rdd1 32. b7) 22. Nxc8 Rbxc8 23. Qxd7 Rfd8 {INACCURACY (+7.13)} ({(+5.51) The
best move was} 23... Rc2 24. Qd4 e5 25. Qe3 b4 26. Rd5 Rfc8 27. Rxe5 g6 28. Rf1
Rxa2 29. Rd5 g5 30. Qe4 Qc3 31. Rfd1 Kg7) 24. Qxb5 Rxd1+ 25. Rxd1 Qb2 26. Qa6
Qc2 27. Rf1 Rd8 28. Qa4 f5 29. Qa5 Rd2 30. a4 Rd1 31. Rxd1 Qxd1+ 32. Bf1 Qxb3
33. Qa8+ Kh7 34. a5 (34. a5 h5 35. a6 Qa4 36. a7 Kg6 37. h4 Qa1 38. Qe8+ Kf6 39.
Qb8 Kg6 40. a8=Q Qxa8 41. Qxa8 Kf7 42. Qc6 Kf6 43. Bc4 Ke5 44. Qc5+ Kf6 45. Qd6)
1-0 
1-0

[Event "Live Chess"] [Site "Chess.com"] [Date "2022.02.05"] [Round "-"] [White
"marian_chicu"] [Black "Clarkp56"] [Result "1-0"] [CurrentPosition
"8/6b1/6k1/P5Pp/4BQ2/2Pq2P1/5P2/6K1 b - -"] [Timezone "UTC"] [ECO "A07"] [ECOUrl
"https://www.chess.com/openings/Kings-Indian-Attack-2...Nc6-3.Bg2"] [UTCDate
"2022.02.05"] [UTCTime "18:07:16"] [WhiteElo "959"] [BlackElo "863"]
[TimeControl "5430"] [Termination "marian_chicu won by resignation"] [StartTime
"18:07:16"] [EndDate "2022.02.05"] [EndTime "20:26:47"] [Link
"https://www.chess.com/game/live/37823412537"]  1. Nf3 d5 2. g3 Nc6 3. Bg2 Nf6
4. d3 g6 5. O-O Bg7 6. Bg5 h6 7. Bxf6 Bxf6 8. c3 Qd6 9. Nbd2 Bg7 10. e4 O-O
{INACCURACY (+0.93)} ({(0.00) The best move was} 10... d4 11. Qc2 Bg4 12. h3
Bxf3 13. Nxf3 a5 14. c4 Nb4 15. Qd1 Nc6) 11. Re1 f6 $2 $16 {MISTAKE (+4.40)}
({(+0.43) The best move was} 11... d4 12. e5 Qd8 13. Qc2 Bf5 14. cxd4 Nxd4 15.
Nxd4 Qxd4 16. Bxb7 Rab8 17. Nb3 Qb6 18. Bg2 Be6 19. Rac1 Bxb3 20. Qxb3 Qxb3 21.
axb3 Rxb3 22. Re2 Rfb8 23. Rxc7 e6 24. d4 Rxb2) 12. exd5 Ne5 13. Nxe5 fxe5 14.
Ne4 $2 {MISTAKE (+3.11)} ({(+5.21) The best move was} 14. Nc4 Qf6 15. Qd2 Qf5
16. Re2 b5 17. Ne3 Qf6 18. a4 b4 19. cxb4 Bd7 20. Nc4 Bg4 21. Rxe5 Bf3 22. Bxf3
Qxf3 23. Rae1 Rf5 24. Rxf5 gxf5 25. Rxe7 Qxd5) 14... Qd8 {INACCURACY (+4.01)}
({(+3.11) The best move was} 14... Qb6 15. Qe2 a5 16. Rab1 e6 17. Nd2 exd5 18.
Bxd5+ Kh7 19. Nc4 Qa7 20. Be4 Be6 21. b4 axb4 22. Rxb4 b6 23. Nxe5 Bxe5 24. Bxa8
Bxc3 25. Qxe6 Bxe1 26. Qe7+ Kg8) 15. h4 {INACCURACY (+3.13)} ({(+4.01) The best
move was} 15. Re3 a5 16. Nd2 e6 17. dxe6 Bxe6 18. Nc4 Bd5 19. Bxd5+ Qxd5 20. Qg4
Kh7 21. Qe4 Qf7 22. Qg2 b6 23. Nxe5 Bxe5 24. Rxe5 Rae8 25. Rae1 Rxe5 26. Rxe5
Qxa2) 15... e6 {INACCURACY (+ 4.32)} ({(+3.13) The best move was} 15... a5 16.
Re3 Ra6 17. Qe2 Rb6 18. a3 a4 19. Rd1 e6 20. dxe6 Bxe6 21. Nc5 Bc8 22. Nxa4 Rbf6
23. Rf1 b6 24. c4 R6f7 25. Be4 g5 26. hxg5 Qxg5 27. Nc3) 16. dxe6 Bxe6 17. Nc5
Bd5 18. Nxb7 Bxb7 19. Qb3+ Kh7 20. Qxb7 Rb8 21. Qxa7 Rxb2 22. Reb1 $2 $12
{MISTAKE (+0.10)} ({(+3.25) The best move was} 22. Rf1 Qxd3 23. Rad1 Qf5 24. a4
e4 25. Rde1 Qf6 26. Bxe4 Kh8 27. Rc1 Re2 28. Bd3 Ra2 29. a5 Qf3 30. Rcd1 Ra3 31.
Qa6 Rf6 32. Qc4 Rxa5 33. Qxc7 Ra2) 22... Rxb1+ $2 $16 {MISTAKE (+2.56) Critical
mistake.} ({(+0.10) The best move was} 22... Rbxf2 23. Rb7 R8f7 24. Qe3 h5 25.
Be4 Qf6 26. Qe1 Bf8 27. Rxc7 Rxc7 28. Qxf2 Bc5 29. d4 Qxf2+ 30. Kxf2 exd4 31.
Ke2 dxc3 32. a4 Bb4 33. a5 c2 34. Rc1 Ra7 35. Rxc2 Bxa5) 23. Rxb1 Qxd3 24. Rb7
Rf7 25. Rxc7 Rxc7 26. Qxc7 e4 27. a4 $2 $12 {MISTAKE (+0.24)} ({(+2.52) The best
move was} 27. Kh2 Qxc3 28. Qxc3 Bxc3 29. Bxe4 Kg7 30. Kh3 Be1 31. f3 h5 32. a4
Kf6 33. Bd3 Kf7 34. Bc4+ Kf6 35. Bb3 Kf5 36. Bc2 + Kf6 37. f4 Kf7 38. Bb3+ Kf6
39. Bc4 Kg7) 27... h5 $4 $16 {BLUNDER (+4.94) Critical mistake.} ({(+0.24) The
best move was} 27... e3 28. fxe3 Qxe3+ 29. Kh2 Qxc3 30. Qf7 Qb4 31. Bd5 h5 32.
Qe6 Qxa4 33. Be4 Qd4 34. Bxg6+ Kh6 35. Be8+ Qf6 36. Qe3+ Kh7 37. Bxh5 Qe5 38.
Qd3+ Kh8 39. Qd8+ Kh7 40. Qd1 Qd4 41. Qc2+ Kh6 42. Be8) 28. a5 $4 $12 {BLUNDER
(+0.47)} ({(+4.94) The best move was} 28. c4 e3 29. fxe3 Qxe3+ 30. Kh2 g5 31.
Qc6 Be5 32. Be4+ Kg7 33. Qg6+ Kf8 34. Qf5+ Kg8 35. Qxg5+ Qxg5 36. hxg5 Kh8 37.
Kh3 h4 38. a5 Bc7 39. a6 Bb8 40. gxh4 Ba7 41. Kg4 Kg7 42. h5 Be3 43. Kf5) 28...
Kh6 $4 $16 {BLUNDER (+5.96) Critical mistake.} ({(+ 0.47) The best move was}
28... e3 29. fxe3 Qxe3+ 30. Kh2 Qxc3 31. Qa7 Kh6 32. a6 Bd4 33. Qf7 Qe3 34. Qf4+
Kg7 35. Bd5 Qf2+ 36. Qxf2 Bxf2 37. Kg2 Ba7 38. Kf3 Kf6 39. Ke4 g5 40. hxg5+ Kxg5
41. Bf7 h4 42. gxh4+ Kh6 43. Kf5 Bf2 44. Bc4 Ba7 45. Kg4 Bf2 46. Bd3 Ba7) 29.
Qf4+ g5 $4 {BLUNDER (+64.77)} ({(+5.17) The best move was} 29... Kh7 30. Qf7 e3
31. fxe3 Qxe3+ 32. Kh2 Qe2 33. Qb7 Kh6 34. a6 Be5 35. Qe4 Bxg3+ 36. Kxg3 Qxa6
37. Qf4+ Kh7 38. Qc7+ Kh6 39. Qd8 Kh7 40. Qe7+ Kh6 41. Be4 Qb6 42. Qg5+ Kg7 43.
Qxg6+ Qxg6+ 44. Bxg6 Kf6 45. Kf4) 30. hxg5+ Kg6 31. Bxe4+ (31. Bxe4+ Qxe4 32.
Qxe4+ Kxg5 33. f4+ Kh6 34. a6 Bf8 35. Qc6+ Kh7 36. a7 h4 37. a8 =Q h3 38. Qxf8
h2+ 39. Kf1 h1=R+ 40. Qxh1+ Kg6 41. Qhh6#) 1-0 
1-0

[Event "Live Chess"] [Site "Chess.com"] [Date "2022.02.05"] [Round "?"] [White
"Pauli3141"] [Black "nargaef"] [Result "1-0"] [ECO "B12"] [WhiteElo "1617"]
[BlackElo "1679"] [TimeControl "2700+30"] [EndTime "11:36:23 PST"] [Termination
"Pauli3141 won by resignation"]  1. e4 c6 2. d4 d5 3. e5 Bf5 4. h4 h6 5. g4 Bh7
6. e6 fxe6 7. Bd3 Bxd3 8. Qxd3 Qd6 9. Qg6+ Kd8 10. Nf3 Nd7 11. g5 e5 12. Qf5 e6
13. Qf7 Ne7 14. Nc3 exd4 15. Nxd4 Qe5+ 16. Be3 Kc8 1-0 
1-0

[Event "Live Chess"] [Site "Chess.com"] [Date "2022.02.03"] [Round "?"] [White
"sriracha"] [Black "falk312"] [Result "0-1"] [ECO "B11"] [WhiteElo "1943"]
[BlackElo "1774"] [TimeControl "2700+30"] [EndTime "7:01:27 PST"] [Termination
"falk312 won by resignation"]  1. e4 c6 2. Nc3 d5 3. Nf3 Bg4 4. h3 Bxf3 5. Qxf3
e6 6. Be2 Bc5 7. O-O Nd7 8. exd5 cxd5 9. Rd1 Ngf6 10. d4 Be7 11. Bf4 O-O 12. Bd3
a6 13. Ne2 b5 14. g4 h6 15. Kg2 Nh7 16. Ng3 Nb6 17. Bxh7+ Kxh7 18. Nh5 g6 19.
Ng3 Bd6 20. h4 Rc8 21. Bxd6 Qxd6 22. Rac1 Kg7 23. c3 Rc7 24. Ne2 Rfc8 25. a3 a5
26. g5 h5 27. Nf4 Qe7 28. Nd3 Nc4 29. Qe2 Nd6 30. Nc5 Nb7 31. Nd3 Nd6 32. Nc5
Nf5 33. Rh1 Qd6 34. Nd3 b4 35. axb4 axb4 36. Qd2 bxc3 37. bxc3 Ra7 38. Nf4 Rca8
39. Ne2 Ra2 40. Qd1 R8a3 41. c4 Qa6 42. Nc3 Rb2 43. c5 Qc4 44. Nb1 Ne3+ 45. Kg1
Nxd1 46. Rxc4 Rxb1 47. Rc2 Ne3+ 0-1 
0-1

[Event "Live Chess"] [Site "Chess.com"] [Date "2022.02.06"] [Round "?"] [White
"ssoroka78"] [Black "Morphonium"] [Result "1-0"] [ECO "A21"] [WhiteElo "1686"]
[BlackElo "1374"] [TimeControl "2700+30"] [EndTime "10:45:51 PST"] [Termination
"ssoroka78 won by resignation"]  1. c4 e5 2. Nc3 d6 3. g3 Nf6 4. Bg2 Nc6 5. e4
Be7 6. h3 Be6 7. d3 O-O 8. Nge2 Qd7 9. Nd5 h6 10. f4 Nd4 11. Nxf6+ Bxf6 12. f5
Nxe2 13. Qxe2 Bxf5 14. exf5 Qxf5 15. Rf1 Qe6 16. Kf2 c6 17. Kg1 d5 18. cxd5 cxd5
19. Rb1 Rac8 20. b3 Qb6+ 21. Kh1 Rc5 22. Ba3 Rfc8 23. Bxc5 Rxc5 24. d4 exd4 25.
Bxd5 Rxd5 26. Qe8+ Kh7 27. Qe4+ 1-0 
1-0

[Event "Live Chess"] [Site "Chess.com"] [Date "2022.02.05"] [Round "?"] [White
"Twan709"] [Black "Chess_Gainz"] [Result "0-1"] [ECO "B07"] [WhiteElo "2089"]
[BlackElo "2326"] [TimeControl "3600+30"] [EndTime "14:26:37 PST"] [Termination
"Chess_Gainz won by resignation"]  1. e4 d6 2. d4 Nf6 3. Nc3 Nbd7 4. Nf3 e5 5.
Bc4 Be7 6. O-O c6 7. a4 O-O 8. Re1 exd4 9. Nxd4 Ne5 10. Bf1 Re8 11. h3 Ng6 12.
f4 Bf8 13. g4 d5 14. e5 Bc5 15. Be3 Ne4 16. Bg2 Nxc3 17. bxc3 Nh4 18. Bh1 f6 19.
e6 f5 20. c4 Bxd4 21. Bxd4 Bxe6 22. cxd5 Bxd5 23. Rxe8+ Qxe8 24. Bxd5+ cxd5 25.
Be5 Qc6 26. gxf5 Nxf5 27. Qg4 Qc5+ 28. Kh1 Qxc2 29. Rg1 g6 30. Qh5 Rc8 31. Rxg6+
hxg6 32. Qxg6+ Kf8 33. Qf6+ Ke8 34. Qh8+ Kd7 35. Qh7+ Ne7 0-1 
0-1